 Dungeon Crawl Stone Soup version 0.25-a0-834-g55863b0b92 (webtiles) character file.

Game seed: 4685655371147931115, levelgen mode: deterministic

70 Maedhros the Charlatan (level 4, -1/28 HPs)
             Began as an Octopode Artificer on Apr 23, 2020.
             Slain by a big kobold zombie (3 damage)
             ... in an ossuary.
             The game lasted 00:01:09 (1345 turns).

Maedhros the Charlatan (Octopode Artificer)         Turns: 1345, Time: 00:01:10

Health: -1/28      AC:  1    Str: 11    XL:     4   Next: 21%
Magic:  7/7        EV: 13    Int: 13    God:
Gold:   76         SH:  0    Dex: 13    Spells: 3/3 levels left

rFire    . . .     SeeInvis .   a - +0 short sword
rCold    . . .     Gourm    .   (no shield)
rNeg     . . .     Faith    .   (helmet restricted)
rPois    .         Spirit   .   (no amulet)
rElec    .         Reflect  .   (no ring)
rCorr    .         Harm     .   (no ring)
MR       .....                  (no ring)
Stlth    ++++......             (no ring)
HPRegen  0.09/turn              (no ring)
MPRegen  0.10/turn              (no ring)
                                (no ring)
                                (no ring)

@: no status effects
A: almost no armour, stealthy swim, amphibious, 8 rings, constrict 8, camouflage
1, gelatinous body 1
a: no special abilities


You were in an ossuary.
You were not hungry.

You visited 1 branch of the dungeon, and saw 4 of its levels.
You also visited: Ossuary.

You collected 76 gold pieces.

Inventory:

Hand Weapons
 a - a +0 short sword (weapon)
Jewellery
 e - a +3 ring of protection {unknown}
Wands
 b - a wand of flame (15)
 c - a wand of enslavement (14)
 d - a wand of random effects (15)
Scrolls
 i - a scroll of fear {unknown}
 n - 2 scrolls of teleportation {unknown}
Potions
 g - 2 potions of lignification {unknown}
 h - a potion of magic {unknown}
 j - a potion of heal wounds {unknown}
 k - a potion of flight {unknown}
 l - a potion of invisibility {unknown}
 m - a potion of mutation {unknown}
 o - 2 potions of haste {unknown}
Comestibles
 f - a ration


   Skills:
 - Level 1.0 Fighting
 - Level 1.0 Short Blades
 - Level 2.0 Dodging
 + Level 4.1 Stealth
 + Level 4.4 Evocations


You had 3 spell levels left.
You didn't know any spells.
Your spell library was empty.

Dungeon Overview and Level Annotations

Branches:
Dungeon (4/15)            Ossuary (1/1)
 Temple: D:4-7

Altars:


Innate Abilities, Weirdness & Mutations

You cannot wear most types of armour.
You are very stealthy in the water. (Stealth+)
You are amphibious.
You can wear up to eight rings at the same time.
You can use your tentacles to constrict eight enemies at once.
Your skin changes colour to match your surroundings (Stealth+).
Your rubbery body absorbs attacks. (AC +1, EV +1)


Message History

You hit the kobold zombie.
You destroy the kobold zombie!
Really attack your big kobold zombie?
You hit your big kobold zombie but do no damage.
The big kobold zombie is no longer charmed.
Your grab misses the big kobold zombie.
The big kobold zombie is heavily damaged.
The big kobold zombie barely misses you.
You hit the big kobold zombie. Your grab misses the big kobold zombie.
The big kobold zombie is heavily damaged.
The big kobold zombie barely misses you.
You hit the big kobold zombie but do no damage.
You grab the big kobold zombie.
The big kobold zombie is heavily damaged.
You constrict the big kobold zombie. The big kobold zombie hits you.
* * * LOW HITPOINT WARNING * * *
You hit the big kobold zombie but do no damage.
The big kobold zombie is heavily damaged.
You constrict the big kobold zombie. The big kobold zombie hits you.
You die...

###+#
#...#
#...#
#...#
#.@Z#
###'#
#^^^#
#^^^#
#.^.#
#.^^#
#'###
#^..# ###
#####.^^#


You could see a big kobold zombie.

Vanquished Creatures
  A big kobold zombie (Ossuary)
  2 adder zombies (Ossuary)
  2 dart slugs (D:1)
  2 ball pythons (D:3)
  3 giant cockroaches
  4 goblins
  4 hobgoblins
  8 jackals (D:4)
  3 bats
  2 frilled lizards (D:3)
  A hobgoblin zombie (Ossuary)
  A kobold (D:1)
  2 kobold zombies (Ossuary)
  An orc zombie (Ossuary)
  3 rats
39 creatures vanquished.

Vanquished Creatures (collateral kills)
  A kobold zombie (Ossuary)
1 creature vanquished.

Grand Total: 40 creatures vanquished

Notes
Turn   | Place    | Note
-------+----------+-------------------------------------------
     0 | D:1      | Maedhros the Octopode Artificer began the quest for the
                  | Orb.
     0 | D:1      | Reached XP level 1. HP: 13/13 MP: 3/3
   316 | D:1      | Reached XP level 2. HP: 16/18 MP: 4/4
   841 | D:3      | Reached XP level 3. HP: 22/23 MP: 5/5
   969 | D:4      | Found a sand-covered staircase.
  1024 | Ossuary  | Entered an ossuary
  1329 | Ossuary  | Reached XP level 4. HP: 15/28 MP: 7/7
  1345 | Ossuary  | Slain by a big kobold zombie

Levels and vault maps discovered:
D:1:      kennysheep_arrival_seaside, layout_loops_ring
D:2:      cheibrodos_greedy_goblins, layout_basic
D:3:      layout_rooms, first_ration, saegor_snake_ambush
D:4:      layout_basic, nicolae_ossuary_entry_monument, uniq_ijyb
Ossuary:  ossuary_tomb_2

Skill      XL: |  1  2  3 |
---------------+----------+-----
Stealth        | 2 3 4 |  4.1
Evocations     | 4 |  4.4
Fighting       | |  1.0
Short Blades   | |  1.0
Dodging        | |  2.0

Action                   |  1- 3 |  4- 6 || total
-------------------------+-------+-------++-------
Melee: Short sword       |    78 |    15 ||    93
       Constrict         |    22 |     3 ||    25
       Tentacles         |    10 |     2 ||    12
Evoke: Wand              |     1 |       ||     1
 Stab: Sleeping          |     8 |       ||     8
       Distracted        |       |     1 ||     1
  Eat: Ration            |     1 |       ||     1
Armor: Skin              |     4 |     1 ||     5
Dodge: Dodged            |    42 |     6 ||    48

Table legend:
 A = Non-vault XP
 B = Vault XP
 C = Vault XP percentage of total XP
 D = Non-vault monster count
 E = Vault monster count
 F = Vault count percentage of total count
                 A         B        C        D         E       F
            +---------+---------+-------+---------+---------+-------
      Total |      55 |      45 |  45.0 |      30 |      10 |  25.0
            +---------+---------+-------+---------+---------+-------
        D:1 |      26 |       0 |   0.0 |      13 |       0 |   0.0
        D:2 |       6 |       0 |   0.0 |       4 |       0 |   0.0
        D:3 |       7 |       3 |  30.0 |       5 |       2 |  28.6
        D:4 |      16 |       0 |   0.0 |       8 |       0 |   0.0
    Ossuary |       0 |      42 | 100.0 |       0 |       8 | 100.0
            +---------+---------+-------+---------+---------+-------
